[Event "Early-Titled-Tuesday-Blitz-February-06-2024"]
[Site "Chess.com"]
[Date "2024.02.06"]
[Round "3"]
[White "Khromkin"]
[Black "Barmen_EV"]
[Result "0-1"]
[WhiteElo "2317"]
[BlackElo "2506"]
[TimeControl "180+1"]
[EndTime "8:28:30 PST"]
[Termination "Barmen_EV won on time"]

1. d4 Nf6 2. c4 g6 3. Nf3 Bg7 4. Nc3 O-O 5. g3 d6 6. Bg2 Nbd7 7. O-O e5 8. h3 exd4 9. Nxd4 Nb6 10. b3 c5 11. Nc2 d5 12. cxd5 Bf5 13. Be3 Rc8 14. Rc1 h5 15. Qd2 Qd7 16. Kh2 Rfe8 17. Bh6 Bh8 18. Ne3 Be4 19. Nxe4 Nxe4 20. Qc2 Nc3 21.
a4 c4 22. bxc4 Nxc4 23. Nxc4 Rxc4 24. Qb3 Rec8 25. e3 h4 26. Bf4 R4c5 27. d6 g5 28. Qxb7 Qxb7 29. Bxb7 Rd8 30. Bxg5 Rxg5 31. gxh4 Rg6 32.
Rg1 Rxd6 33. h5 Rxg1 34. Rxg1+ Kf8 35. a5 Rd2 36. Rg2 Rd1 37. Kg3 Ne2+ 38. Kf3 Ng1+ 39. Ke4 Nxh3 40. a6 Rd2 41. Kf5 Rxf2+ 42. Rxf2 Nxf2 43. e4 Ke7 44. h6 Nd3 45. h7 Nc5 0-1

[Event "Early-Titled-Tuesday-Blitz-February-06-2024"]
[Site "Chess.com"]
[Date "2024.02.06"]
[Round "3"]
[White "mortngabriel"]
[Black "BeautiFullMindChess"]
[Result "1-0"]
[WhiteElo "2513"]
[BlackElo "2279"]
[TimeControl "180+1"]
[EndTime "8:28:30 PST"]
[Termination "mortngabriel won on time"]

1. e4 e6 2. Nf3 d5 3. e5 c5 4.
b4 d4 5. Bb2 Nc6 6. Bb5 Ne7 7.
Qe2 a6 8. Bxc6+ Nxc6 9. bxc5 Bxc5 10. O-O b5 11. d3 Bb7 12. Nbd2 Qd5 13. Rfe1 h6 14. a4 O-O 15. axb5 axb5 16. Nb3 Bb6 17. h4 Rxa1 18. Rxa1 Rc8 19. Ba3 Ra8 20. Bb2 Ra4 21. Ba3 Qd8 22. Bd6 Qa8 23. Rb1 Ra2 24. Nc5 Bxc5 25.
Bxc5 Qa4 26. Rc1 Na5 27. Nxd4 b4 28. Qe1 b3 29. Nxb3 Nxb3 30. cxb3 Qxb3 31. Qc3 Qd5 32. f3 Ba6 33. Qd4 Qb3 34. Qe3 Bb7 35. Rf1 Qb2 36.
Rf2 Ra1+ 37. Kh2 Qb1 38. Kg3 Ra4 39. d4 Qb5 40. Qe2 Qc6 41. Qe3 Qd5 42. Qe2 Qd8 43.
Qe3 h5 44. Rb2 Bd5 45. Qc3 Qd7 46. Qe3 Kh7 47. Rb8 Ra2 48. Qg5 1-0

[Event "Early-Titled-Tuesday-Blitz-February-06-2024"]
[Site "Chess.com"]
[Date "2024.02.06"]
[Round "3"]
[White "pavet"]
[Black "DenLaz"]
[Result "1-0"]
[WhiteElo "2769"]
[BlackElo "3052"]
[TimeControl "180+1"]
[EndTime "8:28:31 PST"]
[Termination "pavet won on time"]

1. e4 c5 2. Nf3 e6 3. d4 cxd4 4. Nxd4 Nc6 5. Nxc6 bxc6 6. Bd3 d5 7. O-O Nf6 8. Nd2 Be7 9. c4 O-O 10. Qe2 a5 11. b3 a4 12. Bb2 Ba6 13. Rad1 Qb6 14.
exd5 cxd5 15. Bxf6 Bxf6 16. cxd5 exd5 17. bxa4 Rfd8 18. Nb3 Bxd3 19. Rxd3 Rxa4 20. Rxd5 Rda8 21. Rd2 g6 22. g3 Kg7 23. Rfd1 Qb4 24. Kg2 h5 25. Nd4 Qb7+ 26. Qf3 Qc8 27. Ne2 Rxa2 28. Rxa2 Rxa2 29. Nf4 Qf5 30. h4 Ra5 31. Nh3 Qxf3+ 32. Kxf3 Ra3+ 33. Kg2 Ra4 34. Kf3 Be5 35. Kg2 f6 36.
Rd7+ Kf8 37. Rd5 Kf7 38. Rd7+ Ke6 39. Rg7 Kf5 40. Rb7 Ra2 41. Rb3 Ra4 42. Rf3+ Ke6 43. Re3 Ra6 44. Nf4+ Kf7 45. Nd3 Bd4 46. Re2 Ra3 47.
Nb4 Rb3 48. Nc6 Bc5 49. Nd8+ Kg8 50. Ne6 1-0

[Event "Early-Titled-Tuesday-Blitz-February-06-2024"]
[Site "Chess.com"]
[Date "2024.02.06"]
[Round "3"]
[White "GelmanAlexander"]
[Black "LornerAcosta"]
[Result "1-0"]
[WhiteElo "2785"]
[BlackElo "2496"]
[TimeControl "180+1"]
[EndTime "8:28:31 PST"]
[Termination "GelmanAlexander won on time"]

1. c4 Nf6 2. d3 g6 3. Nf3 Bg7 4.
e3 O-O 5. Be2 c5 6. a3 d5 7. cxd5 Nxd5 8. Qc2 b6 9. Nbd2 Bb7 10.
O-O Nc6 11. Ne4 Rc8 12. Bd2 e5 13. Rac1 Qe7 14. Qb1 h6 15. Rfe1 Kh7 16. Ng3 Rcd8 17. h3 Qd7 18. h4 Nde7 19. b4 cxb4 20. axb4 Nf5 21. Ne4 Nce7 22. Bc3 f6 23. Red1 Kh8 24. b5 Qe6 25. Qa1 Ra8 26. Bb4 Rfd8 27. Ba3 Nd5 28. Qa2 Rac8 29. Bb2 Ra8 30. Bf1 Qe8 31. Qa4 a6 32.
Qb3 axb5 33. g4 Nd6 34. g5 fxg5 35. hxg5 h5 36. Bg2 Nf5 37. Rc2 Nfxe3 38. fxe3 Nxe3 39.
Rdc1 Bd5 40. Qb4 Nxc2 41. Rxc2 Qe6 42. Qxb5 Rac8 43. Re2 Qf5 44. Qxb6 Rb8 45. Qc7 Rdc8 46. Qe7 Re8 47. Qd6 Red8 48. Qc5 Rbc8 49. Qe3 Bb7 50. Nf6 Bxf3 51. Bxf3 Rxd3 52. Qxe5 Rxf3 53. Qxf5 1-0

[Event "Early-Titled-Tuesday-Blitz-February-06-2024"]
[Site "Chess.com"]
[Date "2024.02.06"]
[Round "3"]
[White "the_blue_pill"]
[Black "ama18"]
[Result "0-1"]
[WhiteElo "2310"]
[BlackElo "2542"]
[TimeControl "180+1"]
[EndTime "8:28:31 PST"]
[Termination "ama18 won on time"]

1. d4 Nf6 2. Nf3 e6 3. Bf4 b6 4. e3 Bb7 5. Nbd2 Be7 6. h3 O-O 7. Bd3 c5 8. c3 cxd4 9. exd4 d6 10. Bh2 Re8 11. O-O Nbd7 12. Re1 Qc7 13. Ne4 Bf8 14.
Nfg5 g6 15. Qf3 Bg7 16. Bxd6 Qc8 17. Nxf6+ Nxf6 18. Ne4 Nd7 19. Qg3 Qc6 20. a4 a6 21. Bf4 f5 22. Nd6 Nf6 23. Nxb7 Nh5 24. Qe3 Nxf4 25. Qxf4 Qxb7 26. Bc4 Qc6 27. Bb3 Kh8 28.
Re2 Re7 29. Rae1 Rae8 30. d5 Qc5 31. Rxe6 Rxe6 32. Rxe6 Rxe6 33. dxe6 Qf8 34. Qc7 Bf6 35. Qxb6 Be7 36. Qxa6 Qb8 37. Qb5 Qd6 38. Qd7 Qc5 39. g3 Kg8 40. a5 Kf8 41. a6 Qe5 42. a7 Qe1+ 43. Kg2 Qe4+ 44. Kh2 Qf3 45. Qd4 Kg8 0-1

[Event "Early-Titled-Tuesday-Blitz-February-06-2024"]
[Site "Chess.com"]
[Date "2024.02.06"]
[Round "3"]
[White "yaguigor"]
[Black "Irishchessman16"]
[Result "0-1"]
[WhiteElo "2756"]
[BlackElo "2508"]
[TimeControl "180+1"]
[EndTime "8:28:32 PST"]
[Termination "Irishchessman16 won by resignation"]

1. Nf3 d5 2. d4 Nc6 3. Bf4 Bg4 4.
e3 e6 5. Bb5 Bd6 6. h3 Bh5 7.
g4 Bg6 8. Ne5 Bxe5 9. Bxe5 f6 10.
Bg3 Ne7 11. a3 a6 12. Bd3 Qd7 13. Nc3 Bxd3 14. Qxd3 O-O 15. O-O-O b5 16. Ne2 b4 17. a4 b3 18. Qxb3 Rfb8 19. Qa3 Na5 20. b3 Nec6 21.
Nf4 Nb4 22. Nd3 Nxc2 23. Kxc2 Rxb3 24. Nc5 Qc6 25. Qa2 Rb4 26. Rb1 Rc4+ 27. Kd3 e5 28.
Rhc1 Re8 29. Rxc4 Nxc4 30. Nb3 e4+ 31. Ke2 f5 32. Kf1 fxg4 33. hxg4 Qg6 34. Qe2 Rf8 35. Bf4 Qf6 36. Nc5 g5 37. Bg3 h5 38. gxh5 Qf5 39.
Kg1 Qh3 40. Qf1 Qg4 41. Qd1 Rf3 42. Kg2 Nxe3+ 43. Kh2 Qxh5+ 44. Kg1 Qh3 45. fxe3 Qxg3+ 46. Kh1 Qh3+ 47. Kg1 Rg3+ 48. Kf2 Qg2+ 49. Ke1 Rxe3+ 0-1

[Event "Early-Titled-Tuesday-Blitz-February-06-2024"]
[Site "Chess.com"]
[Date "2024.02.06"]
[Round "3"]
[White "Louis-Paulsen-Fan"]
[Black "Rawnsdale"]
[Result "0-1"]
[WhiteElo "2277"]
[BlackElo "2508"]
[TimeControl "180+1"]
[EndTime "8:28:32 PST"]
[Termination "Rawnsdale won by resignation"]

1. d4 d5 2. Nf3 e6 3. c4 Be7 4. Nc3 Nf6 5. Bg5 h6 6. Bh4 O-O 7. e3 c5 8. cxd5 Nxd5 9. Bg3 Nc6 10. Bd3 cxd4 11. exd4 Bf6 12. Bc2 Ndb4 13. Bb1 Nxd4 14.
O-O Nbc6 15. Qd3 g6 16. Rd1 e5 17. Nxd4 exd4 18. Ne4 Bf5 19. Qb5 Bxe4 20. Bxe4 Qb6 21.
Qd3 Rad8 22. h4 Nb4 23. Qb3 Kg7 24. h5 gxh5 25. a3 Na6 26. Qf3 Nc5 27. Bd5 Ne6 28. Ba2 h4 29. Qg4+ Ng5 30. Bxh4 d3 31. Rd2 Rd4 32. Qg3 Kh8 33. Bxg5 Bxg5 34. Rxd3 Qxb2 35. Rxd4 Qxa1+ 36. Kh2 Qxd4 37. Qb3 Bf4+ 38. g3 Qxf2+ 39. Kh3 Qxg3+ 40. Qxg3 Bxg3 41. Kxg3 Kg7 42. Kf4 Rd8 43. Kf5 Rd2 44. Bc4 Rc2 45. Bb5 Rc3 46. Bd7 Rxa3 47.
Bc8 Ra5+ 48. Kf4 b6 49. Bb7 Rc5 50. Ke4 a5 51. Kd4 a4 52. Bd5 a3 53. Ba2 h5 54.
Bb3 h4 55. Ba2 h3 56. Bb3 h2 57. Bd5 a2 58. Bh1 a1=Q+ 59. Kd3 Qc3+ 0-1

[Event "Early-Titled-Tuesday-Blitz-February-06-2024"]
[Site "Chess.com"]
[Date "2024.02.06"]
[Round "3"]
[White "matagordo"]
[Black "rubicapa"]
[Result "0-1"]
[WhiteElo "2230"]
[BlackElo "2460"]
[TimeControl "180+1"]
[EndTime "8:28:32 PST"]
[Termination "rubicapa won by resignation"]

1. d4 Nf6 2. Bf4 e6 3. e3 d5 4.
Nf3 c5 5. Nbd2 Nc6 6. c3 Bd6 7. Ne5 Qc7 8. Ndf3 O-O 9. Bd3 b6 10.
h4 Bb7 11. h5 Ne4 12. h6 g6 13.
Nxc6 Bxc6 14. Bxd6 Qxd6 15. Bxe4 dxe4 16. Ne5 Bb7 17. O-O cxd4 18. cxd4 f6 19. Nc4 Qd5 20.
Rc1 Rac8 21. b3 Rfd8 22. Re1 Ba6 23. Qg4 Kf7 24. Nd2 Bd3 25. f3 exf3 26. Nxf3 Be4 27. Nd2 Bd3 28. e4 Qxd4+ 29. Kh1 Qe5 30. Nf3 Qh5+ 31. Qxh5 gxh5 32. e5 Bg6 33. exf6 Kxf6 34. Kg1 Rxc1 35. Rxc1 Rd7 36. Kf2 e5 37. Rc6+ Kf5 38.
Nh4+ Kg5 39. Nf3+ Kf5 40. Nh4+ Kg5 41. Nf3+ Kxh6 42. Nxe5 Rd2+ 43. Kg3 Rxa2 44. Kh4 Rxg2 45. Nf7+ Kg7 46. Ng5 Rg4+ 47. Kh3 Rxg5 48. Rc7+ Kh6 49.
Rxa7 Rb5 50. Ra3 Rb4 0-1

[Event "Early-Titled-Tuesday-Blitz-February-06-2024"]
[Site "Chess.com"]
[Date "2024.02.06"]
[Round "3"]
[White "Jumbo"]
[Black "M1711"]
[Result "1-0"]
[WhiteElo "2864"]
[BlackElo "2656"]
[TimeControl "180+1"]
[EndTime "8:28:33 PST"]
[Termination "Jumbo won by resignation"]

1. d4 Nf6 2. Nf3 e6 3. Bf4 b6 4. e3 Bb7 5. Bd3 Be7 6. h3 O-O 7.
O-O c5 8. a4 a6 9. Nbd2 d6 10. Bh2 Nbd7 11. Qe2 Qc7 12. c3 Rfc8 13.
e4 cxd4 14. cxd4 Qd8 15. Rad1 Nf8 16. Rfe1 Ng6 17. Bb1 Bc6 18. b3 b5 19. axb5 Bxb5 20. Qe3 Qa5 21. Rc1 Qa3 22. Nc4 Bxc4 23. bxc4 Qxe3 24. fxe3 a5 25. e5 dxe5 26. Nxe5 Bd6 27. Nxg6 Bxh2+ 28. Kxh2 hxg6 29. c5 a4 30. Ba2 a3 31. e4 Ra4 32. d5 Rxe4 33. dxe6 Kf8 34. exf7 Rxe1 35. Rxe1 Rxc5 36. Re3 Ra5 37. g4 g5 38. Kg3 Ra8 39. h4 gxh4+ 40. Kxh4 Nd7 41. Kg5 Nc5 42. Rh3 Ke7 43. Kg6 Rf8 44. Kxg7 Ra8 45. Re3+ Kd6 46. Rxa3 Rf8 47. Kxf8 Nd7+ 48. Kg7 Ne5 49.
f8=Q+ 1-0

[Event "Early-Titled-Tuesday-Blitz-February-06-2024"]
[Site "Chess.com"]
[Date "2024.02.06"]
[Round "3"]
[White "mary-sanna"]
[Black "jlandaw"]
[Result "0-1"]
[WhiteElo "2192"]
[BlackElo "2425"]
[TimeControl "180+1"]
[EndTime "8:28:33 PST"]
[Termination "jlandaw won on time"]

1. d4 d5 2. c4 c6 3. Nf3 e6 4. g3 dxc4 5. Bg2 b5 6. O-O Bb7 7. a4 Nf6 8. Ne5 Qc7 9. b3 cxb3 10. Qxb3 a6 11. axb5 cxb5 12. Bf4 Bxg2 13. Kxg2 Nbd7 14.
Rc1 Qb7+ 15. f3 Nd5 16. Nxd7 Nxf4+ 17. gxf4 Qxd7 18. e3 Bd6 19. Nc3 O-O 20. Ne4 Rfb8 21. Rc2 a5 22. Nxd6 Qxd6 23. Rc5 Qa6 24. f5 exf5 25. Rc7 Qe6 26. Qc2 b4 27. Rc5 Qxe3 28.
Raxa5 Rxa5 29. Rc8+ Qe8 30. Rxe8+ Rxe8 31. Qc6 Rd8 32. Qb6 Rad5 33. Qxb4 Rxd4 34. Qb5 g6 35. Kg3 h5 36. h4 Rc8 37. Qb2 f4+ 38. Kh3 Rd3 39.
Qb7 Rcc3 40. Qb8+ Kh7 41. Qf8 Rxf3+ 42. Kg2 Rg3+ 43. Kf2 Rc2+ 44. Kf1 Rc7 45. Kf2 Rb3 46. Qd8 Rc2+ 47. Ke1 Rb1+ 0-1

[Event "Early-Titled-Tuesday-Blitz-February-06-2024"]
[Site "Chess.com"]
[Date "2024.02.06"]
[Round "3"]
[White "laskakid"]
[Black "zverr1"]
[Result "1/2-1/2"]
[WhiteElo "2353"]
[BlackElo "2553"]
[TimeControl "180+1"]
[EndTime "8:28:34 PST"]
[Termination "Game drawn by repetition"]

1. d4 Nf6 2. c4 g6 3. Nc3 d5 4.
Nf3 Bg7 5. Bg5 Ne4 6. Bf4 Nxc3 7. bxc3 c6 8. e3 O-O 9. Be2 Nd7 10. O-O Nf6 11. h3 Ne4 12. Qb3 Qa5 13. Rfc1 Be6 14. Bd3 dxc4 15. Bxc4 Bxc4 16. Qxc4 Rac8 17. Rab1 b5 18. Qb3 a6 19. c4 Nd6 20. c5 Nc4 21.
a4 Ra8 22. Ra1 Qd8 23. Qd3 Qd7 24. Ra2 Rfd8 25. Qe4 Qd5 26. Qxe7 Nxe3 27. Re2 Nf5 28. Qb7 Bf6 29. Ne5 bxa4 30. Nxc6 Rd7 31. Qxa8+ Kg7 32. Qxa6 Nxd4 33. Nxd4 Qxd4 34. c6 Qxf4 35. cxd7 Qxc1+ 36. Kh2 Qc7+ 37. g3 Qxd7 38. Qc4 h5 39. Ra2 Qd4 40. Qxd4 Bxd4 41. Rxa4 Bxf2 42. Kg2 Bc5 43. Kf3 Be7 44. h4 Bd6 45. Ra6 Bb8 46. Rc6 Ba7 47. Rc7 Bb8 48.
Rb7 Bd6 49. Rb6 Bc5 50. Rc6 Ba7 51. Rc7 Bb8 52. Rb7 Bd6 53. Rb6 Bc5 54. Rc6 Ba7 1/2-1/2

[Event "Early-Titled-Tuesday-Blitz-February-06-2024"]
[Site "Chess.com"]
[Date "2024.02.06"]
[Round "3"]
[White "FairChess_on_YouTube"]
[Black "AlexPapasimakopoulos"]
[Result "0-1"]
[WhiteElo "3073"]
[BlackElo "2773"]
[TimeControl "180+1"]
[EndTime "8:28:35 PST"]
[Termination "AlexPapasimakopoulos won on time"]

1. d4 d5 2. c4 e6 3. Nf3 a6 4. cxd5 exd5 5. Nc3 c6 6. Qb3 Nf6 7. Bg5 Be7 8. e3 O-O 9. Bd3 Nbd7 10.
O-O Re8 11. Rac1 Nf8 12. Ne5 N6d7 13. Bxe7 Qxe7 14. Nxd7 Nxd7 15. e4 dxe4 16. Nxe4 Nf6 17. Ng5 h6 18. Nf3 Be6 19. Bc4 Bxc4 20. Qxc4 Rad8 21.
Qb3 Nd5 22. Rfe1 Qd7 23. Ne5 Qc8 24. Re4 f6 25. Rce1 fxe5 26. dxe5 Re7 27. f4 Qf5 28. g3 Kh8 29. e6 Rde8 30. Re5 Qg4 31. f5 Qd4+ 32. Kg2 Nf6 33. h3 c5 34. R5e2 Rd8 35.
Qf3 b5 36. g4 c4 37. a3 Kg8 38. Rf2 Qd5 39. Ree2 Qxf3+ 40. Kxf3 Rd3+ 41. Re3 Rd1 42. Re5 Rd3+ 43. Re3 Rd5 44. Rg2 Kf8 45. Kf4 Rd4+ 46.
Kf3 Rd5 47. Kf4 Rd1 48. Kf3 Rc7 49. h4 Rc5 50. Ke2 Rd4 51. g5 hxg5 52. hxg5 Nd5 53. Rh3 Nf4+ 54. Ke3 Rd3+ 55. Kxf4 Rxh3 56. f6 Rh4+ 57.
Kf3 gxf6 58. gxf6 Rf5+ 59. Kg3 Rg5+ 60. Kxh4 Rxg2 61. Kh5 Rxb2 62. Kg6 Rg2+ 63. Kf5 Re2 64. f7 Ke7 65. Kg6 Rf2 66. f8=Q+ Rxf8 0-1

[Event "Early-Titled-Tuesday-Blitz-February-06-2024"]
[Site "Chess.com"]
[Date "2024.02.06"]
[Round "3"]
[White "ChessSG1"]
[Black "OrtizAnahi2001"]
[Result "1-0"]
[WhiteElo "2442"]
[BlackElo "2602"]
[TimeControl "180+1"]
[EndTime "8:28:35 PST"]
[Termination "ChessSG1 won by resignation"]

1. c4 Nf6 2. g3 e6 3. Bg2 d5 4.
Nf3 c6 5. O-O Be7 6. b3 O-O 7.
Bb2 b6 8. d4 Bb7 9. Nbd2 Nbd7 10. Qc2 Rc8 11. e4 dxe4 12. Nxe4 Nxe4 13. Qxe4 Nf6 14. Qc2 Qc7 15. Rad1 c5 16. dxc5 Qxc5 17. Ng5 Qxg5 18. Bxb7 Rcd8 19. Bf3 h5 20. h4 Qc5 21.
Kg2 b5 22. Qe2 bxc4 23. Qxc4 Qxc4 24. bxc4 Rc8 25. Rc1 Rfd8 26. Rfd1 Rxd1 27. Bxd1 g6 28. Bd4 Nd7 29. Be2 Bc5 30. Bc3 Nb6 31. Bd2 Rd8 32.
Bg5 Rd7 33. Kf1 Kg7 34. Be3 Bxe3 35. fxe3 Rc7 36. c5 Nd5 37. Kf2 Kf6 38. c6 Ke5 39.
Bb5 Kd6 40. e4 Nb6 41. a4 a5 42. Rd1+ Ke5 43. Rd7 Nxd7 44. cxd7 Rxd7 45. Bxd7 Kxe4 46. Be8 1-0

[Event "Early-Titled-Tuesday-Blitz-February-06-2024"]
[Site "Chess.com"]
[Date "2024.02.06"]
[Round "3"]
[White "LiadCuba"]
[Black "Chernobay_Artem"]
[Result "1-0"]
[WhiteElo "2460"]
[BlackElo "2642"]
[TimeControl "180+1"]
[EndTime "8:28:36 PST"]
[Termination "LiadCuba won on time"]

1. d4 Nf6 2. c4 g6 3. Nc3 Bg7 4. e4 d6 5. Be2 O-O 6. Be3 Na6 7.
h4 e5 8. d5 Nc5 9. Qc2 a5 10.
h5 Bd7 11. hxg6 fxg6 12. f3 Nh5 13. Nh3 Nf4 14. Nxf4 exf4 15. Bf2 a4 16. O-O-O a3 17.
b3 Na6 18. Qd2 Nb4 19. Bd4 Bxd4 20. Qxd4 Qf6 21. Kb1 Qxd4 22. Rxd4 Kg7 23. Nd1 h5 24. Nf2 Kf6 25. Rc1 Ke5 26. Rdd1 b6 27. Rh1 Rh8 28. Rcd1 g5 29. Rd2 Rag8 30. Bd1 g4 31. fxg4 hxg4 32. Rxh8 Rxh8 33. Nxg4+ Bxg4 34. Bxg4 Kxe4 35. Bh3 Ke3 36. Rd1 f3 37. Re1+ Kf2 38. Rh1 fxg2 39. Bxg2 Re8 40.
Bh3 Kg3 41. Be6 Re7 42. Rh6 Kf4 43. Rf6+ Ke5 44. Rf2 1-0

[Event "Early-Titled-Tuesday-Blitz-February-06-2024"]
[Site "Chess.com"]
[Date "2024.02.06"]
[Round "3"]
[White "xberli"]
[Black "WiktoriaPOL"]
[Result "1-0"]
[WhiteElo "2540"]
[BlackElo "2271"]
[TimeControl "180+1"]
[EndTime "8:28:36 PST"]
[Termination "xberli won by resignation"]

1. d4 Nf6 2. c4 g6 3. Nc3 Bg7 4. e4 d6 5. Nge2 O-O 6. Ng3 c5 7. d5 e6 8. Be2 exd5 9. exd5 Re8 10. O-O h5 11. Bg5 Nbd7 12. Qd2 a6 13. a4 Qc7 14. Rae1 Nh7 15. Bh6 Be5 16. Bd3 Ndf6 17. Nge4 Ng4 18. Bf4 Bf5 19. h3 Bxf4 20. Qxf4 Ne5 21. Be2 Qd7 22.
Ng3 Nd3 23. Bxd3 Bxd3 24. Rxe8+ Rxe8 25. Rc1 g5 26. Qd2 Bg6 27. Re1 h4 28. Nf1 Kg7 29. Ne3 Nf6 30. Qd1 Nh5 31. Qe2 Nf4 32. Nf5+ Qxf5 33.
Qxe8 Nd3 34. Rf1 Nxb2 35. Qe2 Nd3 36. a5 Nf4 37. Qb2 Qe5 38. Na4 Bd3 39. Re1 Qxb2 40.
Nxb2 Be2 41. g3 hxg3 42. fxg3 Nxh3+ 43. Kg2 Bg4 44. Re7 Bf5 45. Rxb7 g4 46. Rb6 Be4+ 47.
Kh2 Nf2 48. Rxd6 Nd3 49. Nxd3 Bxd3 50. Rxa6 Bxc4 51. d6 Kf6 52. Rc6 Ke6 53. Rxc5 Ba6 54.
Rc6 Bb7 55. Rb6 Bd5 56. a6 Kd7 57. a7 Bf3 58. Rb8 Kxd6 59. a8=Q 1-0

[Event "Early-Titled-Tuesday-Blitz-February-06-2024"]
[Site "Chess.com"]
[Date "2024.02.06"]
[Round "3"]
[White "Janosik"]
[Black "marcodobrikov"]
[Result "0-1"]
[WhiteElo "2860"]
[BlackElo "2686"]
[TimeControl "180+1"]
[EndTime "8:28:37 PST"]
[Termination "marcodobrikov won by checkmate"]

1. d4 Nf6 2. c4 g6 3. Nf3 Bg7 4. e3 O-O 5. Be2 b6 6. O-O Bb7 7. b3 d6 8. Bb2 Nbd7 9. Nc3 Ne4 10. Qc2 Nxc3 11. Bxc3 e5 12. d5 a5 13. a3 f5 14.
b4 axb4 15. axb4 b5 16. cxb5 Bxd5 17. Rad1 Be6 18. Nd2 Nb6 19. Bf3 Ra3 20. Bc6 Qh4 21.
Ra1 Rxa1 22. Rxa1 Nd5 23. Bxd5 Bxd5 24. Qd3 Be6 25. Ra7 d5 26. Rxc7 d4 27. Bb2 e4 28.
Rxg7+ Kxg7 29. Qxd4+ Kf7 30. Qg7+ Ke8 31. b6 Qe7 32.
Qe5 Bc8 33. Qa5 Qd6 34. Bd4 Bb7 35. h4 Kd7 36. Nc4 Qd5 37. Ne5+ Ke6 38. Qa3 Ra8 39. Qc3 Rc8 40. Qd2 f4 41. Kh2 f3 42. gxf3 exf3 43. Qd3 Rc1 44. Kg3 Rg1+ 45. Kh3 Rg2 46. Ng4 Qf5 47.
Qc4+ Qd5 48. Qc7 Qf5 49. Qc4+ Kd7 50. Qc7+ Ke8 51. Qb8+ Bc8 52. Qf4 Qxg4+ 53. Qxg4 Bxg4# 0-1

[Event "Early-Titled-Tuesday-Blitz-February-06-2024"]
[Site "Chess.com"]
[Date "2024.02.06"]
[Round "3"]
[White "Baby_Legs"]
[Black "OparinGrigoriy"]
[Result "0-1"]
[WhiteElo "2640"]
[BlackElo "2997"]
[TimeControl "180+1"]
[EndTime "8:28:37 PST"]
[Termination "OparinGrigoriy won by resignation"]

1. d4 a6 2. e4 c6 3. Nf3 d5 4.
exd5 cxd5 5. Bd3 Nc6 6. c3 Bg4 7. Bf4 e6 8. Nbd2 Bd6 9. Bxd6 Qxd6 10. h3 Bh5 11. O-O Nf6 12. Re1 O-O 13. a4 Qc7 14. Qb3 Rfc8 15. Qa3 Na5 16. Ne5 Rab8 17. Nb3 Nxb3 18.
Qxb3 Nd7 19. Qc2 Bg6 20. Bxg6 hxg6 21. Nd3 a5 22. Re3 b5 23. axb5 Rxb5 24. Qe2 Rcb8 25. Re1 Nf6 26. f3 Nh5 27. Re5 Ng3 28. Qf2 Nf5 29. R5e2 Nd6 30. Ra1 Nc4 31. Ra2 R5b6 32. Qe1 Qd8 33. Qg3 Qd7 34. h4 Qb5 35. h5 gxh5 36.
Nf4 Nd6 37. Nxh5 Nf5 38. Qf2 a4 39. Nf4 Qc4 40. Ra1 Rb3 41. g4 Nd6 42. Qh2 a3 43. Kf2 f6 44. bxa3 Qxc3 45. Nxe6 Qxf3+ 46. Kg1 Rb1+ 47. Re1 Rxa1 48. Rxa1 Qxg4+ 49. Kh1 Qxe6 50. Rg1 Rb7 51. Qg3 Re7 52. a4 Ne4 53. Qg2 Qf5 54. a5 Qh5+ 55.
Qh2 Qxh2+ 56. Kxh2 Ra7 0-1

[Event "Early-Titled-Tuesday-Blitz-February-06-2024"]
[Site "Chess.com"]
[Date "2024.02.06"]
[Round "3"]
[White "PolandHussars"]
[Black "lucliasco"]
[Result "0-1"]
[WhiteElo "2587"]
[BlackElo "2870"]
[TimeControl "180+1"]
[EndTime "8:28:37 PST"]
[Termination "lucliasco won on time"]

1. e4 e5 2. Nc3 Nc6 3. g3 h5 4. h3 Bc5 5. Bg2 d6 6. Na4 Bd4 7. c3 Bb6 8. Nxb6 axb6 9. d4 Bd7 10.
Nf3 Qc8 11. Be3 f6 12. Qe2 Nge7 13. d5 Nb8 14. Nd2 h4 15. g4 g5 16. Qf3 Rf8 17. Bf1 Ng6 18. Bd3 Na6 19. b4 Rf7 20. Nc4 Kf8 21.
O-O Kg7 22. Rfc1 b5 23. Nd2 c5 24. Bf1 b6 25. a3 Nc7 26. c4 bxc4 27. Nxc4 Qd8 28.
Nxb6 Rb8 29. bxc5 dxc5 30. Bxc5 Bb5 31. Nc4 Bxc4 32. Bxc4 Nb5 33. Bxb5 Rxb5 34. Be3 Rb3 35. Qd1 Qb8 36. a4 Nf4 37. Kh2 Rfb7 38. Ra2 Rb2 39.
Rxb2 Rxb2 40. Qc2 Rxc2 41. Rxc2 Qb3 42. Rc7+ Kg6 43. a5 Qa2 44. Ra7 Qa1 45. a6 Qf1 46.
Bxf4 Qxf2+ 47. Kh1 Qf1+ 48. Kh2 Qf2+ 49. Kh1 Qxa7 50.
Be3 Qxa6 0-1

[Event "Early-Titled-Tuesday-Blitz-February-06-2024"]
[Site "Chess.com"]
[Date "2024.02.06"]
[Round "3"]
[White "Mikhail_Golubev"]
[Black "FabianoCaruana"]
[Result "0-1"]
[WhiteElo "2655"]
[BlackElo "3043"]
[TimeControl "180+1"]
[EndTime "8:28:38 PST"]
[Termination "FabianoCaruana won on time"]

1. e4 c5 2. Nf3 Nc6 3. d4 cxd4 4.
Nxd4 Nf6 5. Nc3 e5 6. Ndb5 d6 7. Bg5 a6 8. Na3 b5 9. Bxf6 gxf6 10. Nd5 Bg7 11. c3 f5 12. exf5 Bxf5 13. Nc2 O-O 14. Nce3 Bd7 15. Bd3 f5 16. O-O e4 17. Bc2 Kh8 18. Qh5 Be8 19. Qh3 Bd7 20. Qh5 Qe8 21. Qxe8 Raxe8 22. f4 exf3 23. Rxf3 f4 24. Nxf4 Rxe3 25.
Ng6+ hxg6 26. Rxe3 Ne5 27. Bb3 Bf5 28. Rd1 Rd8 29.
a4 bxa4 30. Bxa4 Nc4 31. Re8+ Rxe8 32. Bxe8 Be5 33. Ra1 Nxb2 34. Rxa6 Kg7 35. Bb5 Nd1 36. Rc6 Nxc3 37. Bf1 d5 38. Kf2 d4 39. g3 Ne4+ 40.
Ke1 Nf6 41. Bc4 Ng4 42. Be6 Be4 43. Ra6 Nxh2 44. Kf2 Nf3 45. Ra7+ Kh6 46. Bg4 Ng5 47. Bd1 d3 48. Ra4 Bc6 49. Rh4+ Kg7 50. Rg4 Kf6 51. Ke3 Bd7 52. Rb4 Bxg3 0-1

[Event "Early-Titled-Tuesday-Blitz-February-06-2024"]
[Site "Chess.com"]
[Date "2024.02.06"]
[Round "3"]
[White "stasOR4ik"]
[Black "Djager97"]
[Result "0-1"]
[WhiteElo "2407"]
[BlackElo "2594"]
[TimeControl "180+1"]
[EndTime "8:28:38 PST"]
[Termination "Djager97 won by resignation"]

1. e4 e6 2. b3 d5 3. Bb2 Nf6 4.
e5 Nfd7 5. f4 c5 6. Nf3 Nc6 7.
c3 f6 8. d4 Be7 9. Bd3 O-O 10.
O-O a5 11. Na3 b6 12. Nb5 Ba6 13. a4 cxd4 14. Nfxd4 Nxd4 15. Nxd4 Bxd3 16. Qxd3 Nc5 17. Qe2 fxe5 18. fxe5 Qd7 19. Qg4 Rae8 20. Ba3 Rxf1+ 21.
Rxf1 Nxb3 22. Bxe7 Nxd4 23. Qxd4 Qxe7 24. Qxb6 Qd8 25. Qa7 Qa8 26. Rf7 Qxa7+ 27. Rxa7 Rc8 28. Rxa5 Rxc3 29. Ra6 Kf7 30. Kf2 Rc4 31. Kf3 Re4 32.
Ra7+ Kg6 33. a5 Rxe5 34. a6 Re4 35. Ra8 Ra4 36. g3 Kf5 37. Rf8+ Ke5 38. Ra8 Ra3+ 39. Kf2 Ke4 40. a7 e5 41. h4 Ra2+ 42. Kf1 d4 43. g4 d3 44. Ke1 Ke3 45. Kf1 Ra1+ 46. Kg2 d2 47. Re8 Rxa7 48. Rxe5+ Kd3 49. Re8 d1=Q 50.
Rd8+ Ke2 51. Re8+ Kd2 52. Rd8+ Ke1 53. Rxd1+ Kxd1 54. Kf3 0-1

[Event "Early-Titled-Tuesday-Blitz-February-06-2024"]
[Site "Chess.com"]
[Date "2024.02.06"]
[Round "3"]
[White "themind1hunter"]
[Black "SpongeBob_03"]
[Result "0-1"]
[WhiteElo "2519"]
[BlackElo "2214"]
[TimeControl "180+1"]
[EndTime "8:28:38 PST"]
[Termination "SpongeBob_03 won on time"]

1. Nf3 Nf6 2. g3 b5 3. Bg2 Bb7 4. O-O e6 5. a4 b4 6. b3 a5 7.
Bb2 Be7 8. d3 d6 9. e4 Nbd7 10.
Nbd2 O-O 11. Qe2 Re8 12. Rae1 Ng4 13. Nd4 Nge5 14. f4 Nc6 15. Nxc6 Bxc6 16. Rf2 Bf6 17.
e5 Bxg2 18. exf6 Bb7 19. fxg7 c5 20. Ne4 Qc7 21. Qh5 Qc6 22. Rf3 f6 23. g4 Re7 24.
Rh3 Rxg7 25. Bxf6 Nxf6 26. Nxf6+ Kf8 27. Nxh7+ Rxh7 28. Re4 Rxh5 29. Rxh5 Ke7 30. Rh7+ Kd8 31. g5 Kc8 32. g6 Kb8 33. Rh8+ Ka7 34. Rxa8+ Bxa8 35.
Kf2 Qe8 36. Re3 Qxg6 37. Rg3 Qh6 38. Ke3 Qxh2 39. Rg7+ Kb6 0-1